 Dungeon Crawl Stone Soup version 0.25.1-2-g60ff931df9 (webtiles) character file.

Game seed: 14109458524991681895

1148 Fanfaron the Grappler (level 8, 0/52 HPs)
             Began as an Octopode Fighter on Aug 4, 2020.
             Slain by a sky beast (6 damage)
             ... on level 5 of the Dungeon.
             The game lasted 00:18:50 (7595 turns).

Fanfaron the Grappler (Octopode Fighter)            Turns: 7595, Time: 00:18:50

Health: 0/52       AC:  1    Str: 17    XL:     8   Next: 38%
Magic:  8/8        EV:  9    Int: 16    God:
Gold:   227        SH: 13    Dex: 12    Spells: 7/7 levels left

rFire    . . .     SeeInvis .     - Unarmed
rCold    . . .     Gourm    .   q - +0 tower shield
rNeg     . . .     Faith    .   (helmet restricted)
rPois    .         Spirit   .   (no amulet)
rElec    .         Reflect  .   e - +6 ring of intelligence
rCorr    .         Harm     .   (no ring)
MR       .....                  (no ring)
Stlth    ++++......             (no ring)
HPRegen  0.17/turn              (no ring)
MPRegen  0.11/turn              (no ring)
                                (no ring)
                                (no ring)

@: drained
A: almost no armour, stealthy swim, amphibious, 8 rings, constrict 8, camouflage
1, gelatinous body 1
a: no special abilities


You were on level 5 of the Dungeon.
You were hungry.

You visited 1 branch of the dungeon, and saw 6 of its levels.

You collected 227 gold pieces.

Inventory:

Missiles
 s - 3 javelins (quivered)
Armour
 a - a +0 kite shield
 q - a +0 tower shield (worn)
Jewellery
 e - a +6 ring of intelligence (left tentacle)
Scrolls
 f - a scroll of amnesia {unknown}
 h - a scroll of noise {unknown}
 j - 2 scrolls of magic mapping {unknown}
 k - 2 scrolls of teleportation
 n - a scroll of fear {unknown}
 p - a scroll of enchant weapon {unknown}
 r - a scroll of remove curse
Potions
 b - 2 potions of might
 i - 2 potions of lignification {unknown}
 m - 3 potions of curing
 o - 2 potions of invisibility {unknown}
Comestibles
 c - 6 rations


   Skills:
 - Level 3.0(2.4) Fighting
 + Level 2.3(1.7) Throwing
 - Level 3.0(2.4) Dodging
 - Level 5.0(4.4) Stealth
 + Level 4.0(3.4) Shields
 * Level 8.4(7.7) Unarmed Combat


You had 7 spell levels left.
You didn't know any spells.
Your spell library was empty.

Dungeon Overview and Level Annotations

Branches:
Dungeon (6/15)
 Temple: D:4-7

Altars:
Fedhas
Kikubaaqudgha
Makhleb
Nemelex Xobeh
Uskayaw
Vehumet
Wu Jian
Xom
Yredelemnul
The Shining One

Annotations:
D:3 Sigmund
D:5 2 transporters, hallab's ghost, amateur DrBe


Innate Abilities, Weirdness & Mutations

You cannot wear most types of armour.
You are very stealthy in the water. (Stealth+)
You are amphibious.
You can wear up to eight rings at the same time.
You can use your tentacles to constrict eight enemies at once.
Your skin changes colour to match your surroundings (Stealth+).
Your rubbery body absorbs attacks. (AC +1, EV +1)


Message History

You tentacle-slap the sky beast. Your squeeze misses the sky beast.
The sky beast is heavily wounded.
The sky beast flickers out of sight!
Deactivating autopickup; reactivate with Ctrl-A.
Something hits you. Something shocks you.
* * * LOW HITPOINT WARNING * * *
You miss something. Something hits you.
* * * LOW HITPOINT WARNING * * *
Something shocks you.
* * * LOW HITPOINT WARNING * * *
A sky beast appears from thin air!
Reactivating autopickup.
There is an open door here.
There is an open door here.
The sky beast flickers out of sight!
Deactivating autopickup; reactivate with Ctrl-A.
Something hits you.
* * * LOW HITPOINT WARNING * * *
Something shocks you.
You die...

#.###...####.######...##....#....
...............[.#....'.....##...
........o.....[..#....########...
.................'....##....##...
.................#.......<.......
.............>...#.....).[.......
..##....##..###..##...####..##...
#######'##..###{###...####).####.
................@.........[..#...
........).........)..........#...
...................)<........#...
..................).....##..##...
#.###...##..##..........##..##...
#.###...##..##..........#....#...
....#...................#....#...
....#.......##...##.....##...#..#
....'.......##...#########...#..#


There were no monsters in sight!

Vanquished Creatures
  Menkaure (D:6)
  A phantom (D:5)
  An ogre (D:5)
  A scorpion (D:5)
  A wight (D:6)
  3 hounds
  10 orc wizards
  3 orc priests
  A bullfrog skeleton (D:5)
  An iguana (D:4)
  4 worker ants
  A worker ant zombie (D:5)
  3 gnolls
  2 adders (D:2)
  An adder zombie (D:5)
  An adder skeleton (D:4)
  2 dart slugs
  4 leopard geckos
  8 orcs
  5 ball pythons
  3 giant cockroaches (D:2)
  5 goblins
  6 hobgoblins
  3 jackals
  4 kobolds
  3 quokkas
  4 bats
  6 frilled lizards
  A jackal skeleton (D:4)
  5 rats (D:2)
94 creatures vanquished.

Notes
Turn   | Place    | Note
-------+----------+-------------------------------------------
     0 | D:1      | Fanfaron the Octopode Fighter began the quest for the Orb.
     0 | D:1      | Reached XP level 1. HP: 16/16 MP: 1/1
   369 | D:1      | Reached skill level 1 in Stealth
   524 | D:1      | Reached XP level 2. HP: 21/21 MP: 2/2
   935 | D:2      | Found an ancient bone altar of Kikubaaqudgha.
   936 | D:2      | Found an ornate altar of the Wu Jian Council.
   937 | D:2      | Found a shimmering altar of Xom.
   937 | D:2      | Found a glowing golden altar of the Shining One.
   938 | D:2      | Found a sparkling altar of Nemelex Xobeh.
   940 | D:2      | Found a radiant altar of Vehumet.
   941 | D:2      | Found a basalt altar of Yredelemnul.
   942 | D:2      | Found a burning altar of Makhleb.
  1194 | D:2      | Reached skill level 3 in Unarmed Combat
  1194 | D:2      | Reached XP level 3. HP: 13/26 MP: 3/3
  2419 | D:2      | Reached XP level 4. HP: 29/31 MP: 4/4
  2650 | D:3      | Found a hide-covered altar of Uskayaw.
  2650 | D:3      | Noticed a +0 dagger
  2650 | D:3      | Noticed a +0 dagger
  3027 | D:3      | Found a blossoming altar of Fedhas.
  3045 | D:3      | Reached skill level 4 in Unarmed Combat
  3324 | D:3      | Noticed Sigmund
  3605 | D:4      | Noticed a phantom
  3683 | D:4      | Reached XP level 5. HP: 29/36 MP: 5/5
  4232 | D:4      | Noticed an ogre
  4516 | D:5      | Entered Level 5 of the Dungeon
  4613 | D:5      | Found a transporter.
  4640 | D:5      | Found a transporter.
  4641 | D:5      | Noticed hallab's ghost (amateur DrBe)
  4669 | D:5      | Reached skill level 5 in Unarmed Combat
  4669 | D:5      | Reached XP level 6. HP: 41/42 MP: 6/6
  4745 | D:5      | Reached skill level 5 in Stealth
  5119 | D:4      | Reached skill level 6 in Unarmed Combat
  5346 | D:5      | Reached XP level 7. HP: 11/46 MP: 7/7
  5620 | D:5      | Reached skill level 7 in Unarmed Combat
  6404 | D:5      | Reached skill level 1 in Throwing
  6498 | D:5      | Reached XP level 8. HP: 48/52 MP: 8/8
  6532 | D:5      | Found a burning altar of Makhleb.
  6894 | D:4      | Reached skill level 8 in Unarmed Combat
  7049 | D:6      | Noticed Menkaure
  7054 | D:6      | Killed Menkaure
  7595 | D:5      | Slain by a sky beast

Illustrated notes

Levels and vault maps discovered:
D:1:      dpeg_arrival_castle, layout_basic
D:2:      layout_basic, minitemple
D:3:      layout_loops_ring, lemuel_crystal_altar, dancing_weapons_uskayaw,
          minmay_misc_feat_room, uniq_sigmund
D:4:      layout_basic, minmay_cut_off
D:5:      layout_gridville, first_ration, gammafunk_ghost_mausoleum,
          makhleb_blood_cavern_becter
D:6:      layout_basic, nicolae_overflow_hidden_temple, temple_hall,
          uniq_blork_the_orc, uniq_maggie, uniq_menkaure, uniq_pikel

Skill      XL: |  1  2  3  4  5  6  7  8 |
---------------+-------------------------+-----
Stealth        | 1 2 3 4 5 |  5.0
Unarmed Combat | 3 4 5 6 7 8 |  8.4
Throwing       | 1 2 |  2.3
Shields        | 4 |  4.0
Fighting       | |  3.0
Dodging        | |  3.0

Action                   |  1- 3 |  4- 6 |  7- 9 || total
-------------------------+-------+-------+-------++-------
Melee: Unarmed           |    79 |   117 |    91 ||   287
       Constrict         |    19 |    24 |    17 ||    60
       Tentacles         |     9 |    29 |    12 ||    50
       Punch             |     1 |     6 |     6 ||    13
Throw: Javelin           |       |       |     1 ||     1
  Use: Scroll            |       |     3 |     3 ||     6
 Stab: Sleeping          |     9 |     9 |     2 ||    20
  Eat: Chunk             |     5 |     9 |     6 ||    20
Armor: Skin              |    10 |     2 |     1 ||    13
Dodge: Dodged            |    27 |    19 |    12 ||    58
Block: Kite shield       |    29 |    18 |       ||    47
       Tower shield      |       |    27 |    46 ||    73
